 Dungeon Crawl Stone Soup version 0.17.0-7-gfadd4cc (console) character file.

18 gw the Grasshopper (level 2, -3/23 HPs)
             Began as a Mummy Warper on Nov 8, 2015.
             Slain by a worm (8 damage)
             ... on level 2 of the Dungeon.
             The game lasted 00:01:28 (1592 turns).

gw the Grasshopper (Mummy Warper)                   Turns: 1592, Time: 00:01:28

Health: -3/23      AC:  3    Str: 14    XL:     2   Next: 51%
Magic:  0/5        EV: 11    Int: 12    God:
Gold:   104        SH:  0    Dex: 11    Spells: 3 memorised, 0 levels left

rFire  x . .     SeeInvis .     a - +0 mace
rCold  + . .     Clarity  .     b - +0 leather armour
rNeg   + + +     SustAt   .     (no shield)
rPois  ∞         Gourm    .     (no helmet)
rElec  .         Spirit   .     (no cloak)
rCorr  .         Warding  .     (no gloves)
rMut   +         Stasis   .     (no boots)
MR     .....                    e - amulet of resist mutation
Stlth  +.........               (no ring)
                                (no ring)

@: very slightly contaminated, not resistant to hostile enchantments, very
unstealthy
A: no food or potions, fire vulnerability, cold resistance 1, negative energy
resistance 3, torment resistance, unbreathing
a: no special abilities


You were on level 2 of the Dungeon.
You were not hungry.

You visited 1 branch of the dungeon, and saw 2 of its levels.

You collected 104 gold pieces.

Inventory:

Hand Weapons
 a - a +0 mace (weapon)
Missiles
 f - 38 stones (quivered)
 g - 6 tomahawks
Armour
 b - a +0 leather armour (worn)
Jewellery
 e - an amulet of resist mutation (around neck)
Scrolls
 d - a scroll of blinking
Books
 c - a book of Spatial Translocations

   Spells                             Type                      Level
   a - Apportation                    Translocation                1
   b - Blink                          Translocation                2
   c - Shroud of Golubria             Charms/Translocation         2
   d - Portal Projectile              Translocation                3
   e - Teleport Other                 Translocation                3
   f - Passage of Golubria            Translocation                4


   Skills:
 + Level 2.4 Fighting
 + Level 1.6 Maces & Flails
 + Level 1.0 Throwing
 + Level 1.0 Armour
 - Level 1.5 Dodging
 * Level 2.3 Spellcasting
 + Level 2.4 Translocations


You couldn't memorise any spells.
You knew the following spells:

 Your Spells              Type           Power        Failure   Level  Hunger
a - Apportation           Tloc           #.........   12%         1    N/A
b - Blink                 Tloc           N/A          17%         2    N/A
c - Shroud of Golubria    Chrm/Tloc      #.........   34%         2    N/A

Dungeon Overview and Level Annotations

Branches:
Dungeon (2/15)

Altars:


Innate Abilities, Weirdness & Mutations

You do not eat or drink.
Your flesh is vulnerable to fire.
You are immune to poison.
Your flesh is cold resistant.
You are immune to negative energy.
You are immune to unholy pain and torment.
You can survive without breathing.


Message History

KIIIITING; ATTACKING (1,0)
You hit the worm but do no damage.
The worm is heavily wounded.
The worm bites you!
Unknown command.
Unknown command.
Unknown command.
Unknown command.
KIIIITING; ATTACKING (1,0)
You sock the worm!
The worm is almost dead.
Unknown command.
Unknown command.
Unknown command.
Unknown command.
KIIIITING; ATTACKING (1,0)
You barely miss the worm.
The worm is almost dead.
The worm bites you!
You die...

#........###..
#........# #.#
#>.......# #.#
#...?....# #.#
####.###.###.#
####.# #......
##.##.# #####.#
####...#.#######.#
+Mw.....(.(...((..
####.....(######.#
##.(#.## #.#
##.### #.# #.# #..
#.# ### #.# #.#
#.#


You could see a worm.

Table legend:
 A = Turns spent in this place as a percentage of turns spent in the entire game.
 B = Non-inter-level travel turns spent in this place as a percentage of non-inter-level travel turns spent in the entire game.
 C = Inter-level travel turns spent in this place as a percentage of turns spent in this place.
 D = Turns resting spent in this place as a percentage of non-inter-level travel turns spent in this place.
 E = Turns spent auto-exploring this place as a percentage of non-inter-level travel turns spent in this place.
 F = Non-inter-level travel turns spent in this place divided by the number of levels of this place that you've seen.
                   A       B       C       D       E      F
               +-------+-------+-------+-------+-------+----------------------
         Total | 100.0 | 100.0 |   0.0 |   0.7 |   1.6 | 1100.5
       Dungeon | 100.0 | 100.0 |   0.0 |   0.7 |   1.6 | 1100.5
               +-------+-------+-------+-------+-------+----------------------

Table legend:
 A = Kills in this place as a percentage of kills in entire the game.
 B = Kills by you in this place as a percentage of kills by you in the entire game.
 C = Kills by friends in this place as a percentage of kills by friends in the entire game.
 D = Other kills in this place as a percentage of other kills in the entire game.
 E = Experience gained in this place as a percentage of experience gained in the entire game.
 F = Experience gained in this place divided by the number of levels of this place that you have seen.
                   A       B       C       D       E      F
               +-------+-------+-------+-------+-------+----------------------
         Total | 100.0 | 100.0 |  -nan |  -nan | 100.0 |  13.5
       Dungeon | 100.0 | 100.0 |  -nan |  -nan | 100.0 |  13.5
               +-------+-------+-------+-------+-------+----------------------

Vanquished Creatures
  An ooze (D:1)
  2 worms (D:2)
  A giant cockroach (D:1)
  A hobgoblin (D:1)
  2 kobolds (D:2)
  A bat (D:2)
  2 giant newts (D:1)
10 creatures vanquished.

Notes
Turn   | Place    | Note
--------------------------------------------------------------
     0 | D:1      | gw the Mummy Warper began the quest for the Orb.
     0 | D:1      | Reached XP level 1. HP: 16/16 MP: 3/3
   153 | D:1      | Reached skill level 1 in Armour
   517 | D:1      | Reached XP level 2. HP: 18/23 MP: 5/5
   591 | D:1      | Learned a level 2 spell: Blink
   594 | D:1      | Learned a level 2 spell: Shroud of Golubria
  1413 | D:2      | Reached skill level 1 in Throwing
  1592 | D:2      | Slain by a worm

Action                   || total
-------------------------++-------
Melee: Mace              ||    36
Throw: Stone             ||    74
       Tomahawk          ||     5
 Cast: Shroud of Golubri ||    13

Vault maps used:
D:1:      dpeg_arrival_rhombi, serial_park_tiny_2
D:2:      hangedman_decor_growths
